 Dungeon Crawl Stone Soup version 0.13-a0-2584-g2e76cfd (webtiles) character file.

161 Kae the Cudgeler (level 4, -3/39 HPs)
             Began as a Minotaur Berserker on July 31, 2013.
             Was a Believer of Trog.
             Slain by a gnoll
             ... wielding a +0,+0 spear
              (10 damage)
             ... on Level 3 of the Dungeon.
             The game lasted 00:01:09 (1567 turns).

Kae the Cudgeler (Minotaur Berserker)               Turns: 1567, Time: 00:01:09

HP  -3/39        AC  2     Str 22      XL: 4   Next: 70%
MP   1/1         EV 12     Int  5      God: Trog [**....]
Gold 45          SH  0     Dex  9      Spells:  0 memorised,  3 levels left

Res.Fire  : . . .   See Invis. : .   n - +1,+0 whip (reach)
Res.Cold  : . . .   Warding    : .   b - +0 animal skin
Life Prot.: . . .   Conserve   : .   (no shield)
Res.Poison: .       Res.Corr.  : .   (helmet restricted)
Res.Elec. : .       Clarity    : .   (no cloak)
Sust.Abil.: . .     Spirit.Shd : .   (no gloves)
Res.Mut.  : .       Stasis     : .   (no boots)
Res.Rott. : .       Flight     : .   (no amulet)
Saprovore : . . .                    (no ring)
                                     (no ring)

@: regenerating, mildly poisoned, quite resistant to hostile enchantments, very
unstealthy
A: retaliatory headbutt, horns 2
a: Burn Spellbooks, Berserk, Trog's Hand, Renounce Religion


You were on level 3 of the Dungeon.
You worshipped Trog.
Trog was greatly pleased with you.
You were not hungry.

You visited 1 branch of the dungeon, and saw 3 of its levels.

You collected 25 gold pieces.

Inventory:

Hand weapons
 a - a +0,+0 mace
 n - a +1,+0 whip of reaching (weapon)
Armour
 b - a +0 animal skin (worn)
 d - a cursed +0 pair of gloves
Magical devices
 o - a wand of paralysis (4) {unknown}
Comestibles
 c - a bread ration
 f - a meat ration
Scrolls
 e - a scroll of magic mapping {unknown}
 g - 2 scrolls of remove curse {unknown}
 h - a scroll of identify {unknown}
 j - a scroll of teleportation {unknown}
 k - a scroll of amnesia {unknown}
 m - 2 scrolls of curse jewellery {unknown}
Potions
 i - a potion of curing {unknown}
 l - a potion of might {unknown}


   Skills:
 - Level 3.7 Fighting
 * Level 6.6 Maces & Flails
 - Level 2.4 Armour
 - Level 2.1 Dodging


You had 3 spell levels left.
You didn't know any spells.

Dungeon Overview and Level Annotations

Branches:
Dungeon (3/27)

Altars:
Sif Muna

Portals:
Ziggurat: D:3 (6010 gp)


Innate Abilities, Weirdness & Mutations

You reflexively headbutt those who attack you in melee.
You have a pair of horns on your head.


Message History

You hit the gnoll.
The gnoll is heavily wounded.
The gnoll barely misses you. The gnoll hits you but does no damage.
The gnoll closely misses you. You furiously retaliate!
You headbutt the gnoll! You hit the gnoll.
You kill the gnoll!
Trog accepts your kill. The gnoll hits you with a flail.
The gnoll hits you from afar with a spear!
* * * LOW HITPOINT WARNING * * *
You are too injured to fight recklessly!
You are too injured to fight recklessly!
You are too injured to fight recklessly!
You are too injured to fight recklessly!
Use which ability? (? or * to list)
Your skin crawls.
You feel resistant to hostile enchantments.
You feel slightly more hungry.
The gnoll hits you from afar with a spear!
You die...

### #.... ############
#.... #..........####.#.#
. #.................. #..
#..........##.....#
#...##..........##.....#
................##.....#
#.$..?..$........##.#.#.#
#......g@........##.#.#..
#......)...).............
.....g##.....#.###.#.#..
...... #.....#.# #...
..... #........ ....
........... ..
.##.....#### . #.....#
#######


You could see 2 gnolls.

Vanquished Creatures
  6 adders
  A gnoll (D:3)
  A worm (D:2)
  A ball python (D:1)
  2 bats (D:1)
  10 goblins
  7 hobgoblins
  4 jackals (D:1)
  2 quokkas (D:2)
  A giant cockroach (D:2)
  2 giant newts
  9 kobolds
  7 rats
53 creatures vanquished.

Notes
Turn   | Place    | Note
--------------------------------------------------------------
     0 | D:1      | Kae, the Minotaur Berserker, began the quest for the Orb.
     0 | D:1      | Reached XP level 1. HP: 19/19 MP: 0/0
    57 | D:1      | Reached skill level 4 in Maces & Flails
   197 | D:1      | Reached XP level 2. HP: 9/26 MP: 0/0
   514 | D:1      | Acquired Trog's second power
   691 | D:1      | Reached skill level 5 in Maces & Flails
   744 | D:1      | Reached XP level 3. HP: 30/33 MP: 1/1
  1018 | D:2      | Reached XP level 4. HP: 15/39 MP: 1/1
  1054 | D:2      | Reached skill level 6 in Maces & Flails
  1231 | D:2      | Found a deep blue altar of Sif Muna.
  1514 | D:3      | Found a gateway to a ziggurat.
  1567 | D:3      | Slain by a gnoll

Action                   |  1- 3 |  4- 6 || total
-------------------------+-------+-------++-------
Melee: Mace              |    90 |    10 ||   100
       Whip              |       |    30 ||    30
Invok: Trog's Hand       |       |     1 ||     1
